 Dungeon Crawl Stone Soup version 0.30-a0-393-g54b8e3b (webtiles) character file.

Game seed: 15928403879471776800

1621873 yakattack the Conqueror (level 27, 275/275 HPs)
             Began as a Minotaur Fighter on Dec 5, 2022.
             Was a High Priest of Trog.
             Escaped with the Orb
             ... and 3 runes!
             The game lasted 02:26:42 (79580 turns).

yakattack the Conqueror (Minotaur Fighter)         Turns: 79580, Time: 02:26:43

Health: 275/275    AC: 51    Str: 35    XL:     27
Magic:  22/22      EV: 16    Int:  6    God:    Trog [*****.]
Gold:   5955       SH: 36    Dex: 20    Spells: 26/26 levels left

rFire   + + +      SeeInvis .    x - +9 broad axe (vorpal)
rCold   . . .      Faith    .    N - +18 shield of the Gong {rElec rN+ Will+ EV-5}
rNeg    + + +      Spirit   .    K - +12 crystal plate armour
rPois   +          Reflect  .    (helmet unavailable)
rElec   +          Harm     .    X - scarf {rC+ rF+}
rCorr   .          Rampage  .    G - +1 pair of gloves "Ufruqu" {rC- Regen+ Dex+4}
Will    ++...                    U - +2 pair of boots
Stlth   ..........               B - amulet "Ecudan" {Acrobat rF+ rN+}
HPRegen 1.45/turn                W - ring "Poxi" {rPois rF+ Will- Dex+5}
MPRegen 0.18/turn                O - ring of the Octopus King {rN+ HP+2 AC+2 EV+2 SH+2}

@: no status effects
A: horns 3, retaliatory headbutt, strong 1
0: Orb of Zot
}: 3/15 runes: decaying, silver, gossamer
a: Renounce Religion, Berserk, Trog's Hand, Brothers in Arms


You escaped.
You worshipped Trog.
Trog was extremely pleased with you.
You visited 10 branches of the dungeon, and saw 48 of its levels.
You visited the Abyss 1 time.
You visited 1 bazaar.
You also visited: Sewer, Gauntlet, Ice Cave and Volcano.

You collected 8784 gold pieces.
You spent 2829 gold pieces at shops.

Inventory:

Hand Weapons
 x - a +9 vorpal broad axe (weapon)
 y - the +3 broad axe of Rubbish {drain, rElec rF+ Str+2}
   (You acquired it on level 3 of the Lair of Beasts)

   A truly terrible weapon, it drains the life of any living foe it strikes.
   Str:       It affects your strength (+2).
   rF:        It protects you from fire.
   rElec:     It insulates you from electricity.
 z - a +6 antimagic demon whip
Missiles
 p - 5 curare-tipped darts
 A - 9 throwing nets
 D - 4 silver javelins
 J - 41 boomerangs (quivered)
Armour
 e - a +2 hat of willpower
 G - the +1 pair of gloves "Ufruqu" (worn) {rC- Regen+ Dex+4}
   (You found it on level 1 of the Elven Halls)

   Dex:       It affects your dexterity (+4).
   rC:        It makes you vulnerable to cold.
   Regen:     It increases your rate of health regeneration.
 K - a +12 crystal plate armour (worn)
 N - the +18 shield of the Gong (worn) {rElec rN+ Will+ EV-5}
   (You found it on level 2 of the Depths)

   It is deafeningly noisy when blocking attacks.
   EV:        It affects your evasion (-5).
   rElec:     It insulates you from electricity.
   rN:        It protects you from negative energy.
   Will:      It increases your willpower.
 U - a +2 pair of boots (worn)
 X - a scarf of resistance (worn)
Jewellery
 B - the amulet "Ecudan" (around neck) {Acrobat rF+ rN+}
   (You took it off a minotaur in a Gauntlet)

   [amulet of the acrobat]

   It increases your evasion while moving and waiting.
   rF:        It protects you from fire.
   rN:        It protects you from negative energy.
 O - a ring of the Octopus King (right hand) {rN+ HP+2 AC+2 EV+2 SH+2}
   (You took it off a vault guard on level 5 of the Vaults)

   [ring of positive energy]

   AC:        It affects your AC (+2).
   EV:        It affects your evasion (+2).
   rN:        It protects you from negative energy.
   HP:        It affects your health (+2).
   SH:        It affects your SH (+2).
 R - a +4 ring of slaying
 W - the ring "Poxi" (left hand) {rPois rF+ Will- Dex+5}
   (You took it off a deep elf pyromancer on level 3 of the Elven Halls)

   [ring of poison resistance]

   Dex:       It affects your dexterity (+5).
   rF:        It protects you from fire.
   rPois:     It protects you from poison.
   Will:      It decreases your willpower.
Wands
 a - a wand of iceblast (51)
 s - a wand of paralysis (56)
 v - a wand of digging (3)
 E - a wand of quicksilver (36)
 P - a wand of mindburst (20)
 Q - a wand of polymorph (52)
Scrolls
 g - 9 scrolls of fear
 j - 9 scrolls of magic mapping
 o - 15 scrolls of immolation
 q - 19 scrolls of teleportation
 t - 4 scrolls of blinking
 I - 9 scrolls of butterflies
 S - 2 scrolls of silence
 Y - 9 scrolls of vulnerability
 Z - 3 scrolls of summoning
Potions
 c - 7 potions of resistance
 d - 5 potions of might
 f - 11 potions of lignification
 h - 13 potions of curing
 i - 3 potions of magic
 k - 15 potions of flight
 l - 5 potions of haste
 m - 9 potions of mutation
 n - 8 potions of cancellation
 C - 10 potions of heal wounds
 F - 6 potions of attraction
 H - 4 potions of berserk rage
 T - 9 potions of invisibility
Miscellaneous
 b - a tin of tremorstones (2/2) {+f+f}
 L - a condenser vane
 M - a phial of floods
 V - a phantom mirror


   Skills:
 O Level 27 Fighting
 - Level 16.4(18.0) Axes
 - Level 12.1(15.8) Maces & Flails
 + Level 19.0 Throwing
 + Level 26.0 Armour
 + Level 20.0 Dodging
 - Level 19.3 Shields
 + Level 18.9 Evocations


You had 26 spell levels left.
You didn't know any spells.
Your spell library contained the following spells:

 Spells                   Type           Power      Damage    Failure   Level
 Sandblast                Erth           0%         2d4       97%         1
 Cigotuvi's Dreadful Rot  Necr/Pois/Air  0%         N/A       99%         2
 Passwall                 Tmut/Erth      0%         N/A       99%         2
 Poisonous Vapours        Pois/Air       0%         N/A       99%         2
 Static Discharge         Conj/Air       0%         2-2/arc   99%         2
 Sublimation of Blood     Necr           0%         N/A       99%         2
 Mephitic Cloud           Conj/Pois/Air  0%         N/A       100%        3
 Stone Arrow              Conj/Erth      0%         3d7       100%        3
 Vhi's Electric Charge    Tloc/Air       0%         N/A       100%        3
 Petrify                  Tmut/Erth      0%         N/A       100%        4
 Arcjolt                  Conj/Air       0%         1d10      100%        5
 Irradiate                Conj/Tmut      0%         3d11      100%        5
 Lightning Bolt           Conj/Air       0%         1d11      100%        5


Dungeon Overview and Level Annotations

Branches:
Dungeon (15/15)            Temple (1/1) D:5            Lair (5/5) D:8
  Swamp (4/4) Lair:2       Spider (4/4) Lair:3        Slime (0/5) Lair:5
    Orc (2/2) D:9             Elf (3/3) Orc:2        Vaults (5/5) D:13
  Crypt (0/3) Vaults:3     Depths (4/4) D:15            Zot (5/5) Depths:4
  Sewer (visited)           IceCv (visited)         Volcano (visited)
Gauntlet (visited)

Altars:
Ashenzari
Cheibriados
Dithmenos
Elyvilon
Fedhas
Gozag
Hepliaklqana
Kikubaaqudgha
Makhleb
Nemelex Xobeh
Okawaru
Qazlal
Ru
Sif Muna
Trog
Uskayaw
Vehumet
Wu Jian
Xom
Yredelemnul
Zin
The Shining One

Shops:
D:7 *   D:9 ?   D:10 *   Orc:2 ([(   Vaults:1 [   Vaults:2 (   Zot:4 *

Portals:
Hell: Depths:1 Depths:2 Depths:3 Depths:4
Abyss: Elf:3 Depths:3 Depths:4
Pandemonium: Depths:2 Depths:3
Ziggurat: Depths:2

Annotations:
Elf:3 2 transporters, cowcow's ghost, adept NaIE


Innate Abilities, Weirdness & Mutations

You have a pair of large horns on your head.
You reflexively headbutt those who attack you in melee.
Your muscles are strong. (Str +4, Int/Dex -1)


Message History

There is a stone staircase leading up here.
You climb upwards.
There is a stone staircase leading down here.
There is a stone staircase leading up here.
You climb upwards.
There is a stone staircase leading down here.
Things that are here:
a +0 robe; a +0 dagger; a +0 short sword
There is a stone staircase leading up here.
You climb upwards.
There is a stone staircase leading down, spattered with blood here.
There is a stone staircase leading up here.
You climb upwards.
There is a stone staircase leading down here.
There is a stone staircase leading up here.
You climb upwards.
There is a stone staircase leading down here.
Kosoynu comes into view.
Here: Kosoynu The floor.
Unknown command.
You feel yourself speed up.
There is a stone staircase leading up here.
You climb upwards.
There is a stone staircase leading down here.
(D) Dungeon (T) Temple (L) Lair (S) Swamp (N) Spider Nest (M) Slime Pits (O) Orcish Mines (E) Elven Halls (V) Vaults (C) Crypt (U) Depths (H) Hell (Z) Zot
Where to? (Enter - D:1 @ (x,y), ? - help)
You see here a +0 dagger.
There is a stone staircase leading up here.
You climb upwards.
There is a stone staircase leading down here.
You see here a +0 dagger.
You see here a +0 dagger.
Your extra speed is starting to run out.
You feel yourself slow down.
There is a staircase leading out of the dungeon here.
You have escaped!

#...##############
....##.......#...#
....##.#####...#.#
....##.#.....#.#.#
#.####)###.###.#.#
#.# #...#.#.#...#
#.####.#.#.#.#.#.#
#'#..).#.#.#.#.###
....####.#.#†#..@#
....##.#.#...#.###
.....#.#.#####.#.#
.....#.#.#.....#.#
.....#.#.#.###...#
.....#.#.#...#.#.#
...>.#.###'#.#.#.#
....##.......#...#
...###############


There were no monsters in sight!

Vanquished Creatures
  3 dread liches (Vaults:5)
  6 ancient liches
  4 orbs of fire
  Mara (Depths:2)
  2 juggernauts
  The ghost of Plog the Wrestler, a master TrFi of Okawaru (Zot:4)
  12 Killer Klowns
  Saint Roka (Orc:2)
  2 curse toes
  5 caustic shrikes
  9 golden dragons
  2 bone dragons
  Arachne (Spider:3)
  2 electric golems
  Rupert (Orc:2)
  2 pandemonium lords
  11 tentacled monstrosities
  27 Orb Guardians
  The ghost of Wisesoff the Warrior, an adept GrBe of Trog (Elf:1)
  The ghost of Omepubb the Hoplite, an adept BaFi of Dithmenos (Swamp:3)
  A lich (Vaults:1)
  2 walking crystal tomes
  A walking earthen tome (Depths:3)
  3 titans
  A Hell Sentinel (Depths:4)
  10 quicksilver dragons
  3 deep elf blademasters
  Asterion (Spider:3)
  2 deep elf master archers (Elf:3)
  A walking frostbound tome (Depths:2)
  3 tentacled starspawn (Abyss:2)
  The ghost of Toastz the Black Sun, an adept DsIE of Kikubaaqudgha (Spider:2)
  Frances (Spider:1)
  7 death cobs
  8 sphinxes
  11 shadow dragons
  14 tengu reavers
  4 thorn hunters
  A fenstrider witch (Swamp:2)
  16 draconian monks
  19 storm dragons
  Donald (Elf:1)
  11 fire giants
  6 ghost moths
  Aizul (Depths:2)
  2 emperor scorpions (Spider:4)
  22 vault wardens
  3 draconian knights
  8 draconian scorchers
  5 iron dragons
  11 frost giants
  3 balrugs
  5 deep elf sorcerers
  Louise (D:15)
  5 draconian stormcallers
  3 draconian shifters
  4 draconian annihilators
  3 orc warlords
  2 deep elf elementalists
  16 ironbound preservers
  9 war gargoyles
  2 broodmothers
  4 spriggan defenders
  4 grey draconians (Zot:1)
  13 stone giants
  10 very ugly things
  6 ironbound thunderhulks
  13 green draconians
  5 deep elf demonologists
  4 eleionomae
  7 purple draconians
  5 vampire knights
  5 dire elephants
  7 deep elf annihilators (Elf:3)
  16 red draconians
  10 spark wasps
  A lorocyproca (Zot:5)
  5 yellow draconians
  7 black draconians
  14 white draconians
  4 bunyips
  Azrael (Orc:2)
  6 deep elf death magi
  A blizzard demon (Depths:3)
  15 ettins
  A minotaur (Gauntlet)
  Snorg (D:9)
  An ettin (shapeshifter) (Depths:4)
  3 crystal guardians
  A green death (Abyss:2)
  8 entropy weavers
  A merfolk impaler (Depths:3)
  3 deep elf high priests
  2 jiangshi (Depths:3)
  13 fire dragons
  4 shambling mangroves (Swamp:4)
  A quicksilver dragon skeleton (Vaults:4)
  3 great orbs of eyes
  15 yaktaur captains
  28 vault guards
  2 hell beasts
  16 hydras
  3 ogre magi
  A ghost crab (Swamp:2)
  9 rakshasas
  3 peacekeepers
  4 spriggan air magi
  Erica (Lair:1)
  3 jorogumos (Spider:4)
  13 ice dragons
  7 alligators
  The ghost of poml the Grave Robber, a novice TrNe of Gozag (D:7)
  3 radroaches
  37 dancing weapons
  6 two-headed ogres
  An anaconda (shapeshifter) (Depths:2)
  15 centaur warriors
  9 ironbound frosthearts
  4 boulder beetles
  9 tengu warriors
  7 death scarabs (Spider:4)
  8 deep troll shamans
  6 vampire magi
  6 death yaks (Lair:5)
  10 deep troll earth magi
  3 hell knights
  4 spriggan berserkers
  A spectral emperor scorpion (Spider:4)
  2 orc high priests
  Sonja (Lair:3)
  16 deep elf knights
  5 sun demons
  4 sun moths
  9 spriggans
  4 iron trolls
  4 sixfirhies
  6 skeletal warriors
  A spatial maelstrom (Abyss:2)
  A shadow wraith (Vaults:5)
  2 death drakes
  7 pharaoh ants
  5 goliath frogs
  5 spriggan druids
  12 steelbarb worms
  7 orb spiders
  4 spectral hydras (Swamp:4)
  58 deep trolls
  7 wizards
  11 swamp dragons
  A sea snake (shapeshifter) (Vaults:5)
  2 orange crystal statues
  A flayed ghost (Swamp:4)
  3 glowing orange brains
  11 orc knights
  An obsidian statue (Zot:4)
  24 ironbound convokers
  14 lindwurms
  16 deep elf archers
  A lindwurm (shapeshifter) (Elf:1)
  7 bog bodies
  2 spectral wolf spiders (Spider:4)
  27 deep elf zephyrmancers
  2 necromancers
  2 wolf spider zombies (Spider:4)
  A spectral jorogumo (Spider:4)
  4 orc sorcerers
  A sphinx skeleton (Vaults:3)
  28 ugly things
  9 wolf spiders
  24 deep elf pyromancers
  A tengu skeleton (Vaults:3)
  6 oklob plants
  A will-o-the-wisp (Swamp:3)
  7 cyclopes
  3 manticores
  2 spectral spriggans (Swamp:3)
  2 stone giant skeletons (Vaults:3)
  A fire giant skeleton (Vaults:3)
  11 elephants
  31 moths of wrath
  3 human skeletons (Vaults:3)
  A salamander (Depths:2)
  23 vault sentinels
  5 black mambas
  2 frost giant skeletons (Vaults:3)
  7 molten gargoyles
  A smoke demon (Abyss:2)
  An ice statue (Spider:2)
  A gargoyle (D:12)
  2 orange demons
  6 cane toads
  A torpor snail (Spider:1)
  A redback zombie (Spider:4)
  5 spectral redbacks (Spider:4)
  4 centaur skeletons (D:13)
  24 yaktaurs
  5 efreet
  6 demonic crawlers
  A kobold demonologist (D:10)
  11 tengu conjurers
  16 komodo dragons
  An ancient zyme (Abyss:2)
  A tormentor (Depths:4)
  22 rime drakes
  A freezing wraith (Swamp:4)
  A queen bee (D:15)
  A death drake zombie (Swamp:4)
  A troll (shapeshifter) (Depths:2)
  8 trolls
  3 hydra zombies (Swamp:4)
  A bloated husk (Swamp:4)
  17 hornets
  20 polar bears
  11 meliai
  A blink frog (shapeshifter) (Vaults:5)
  Prince Ribbit (D:7)
  2 tarantellas (shapeshifter)
  20 tarantellas
  8 tyrant leeches
  9 raiju (Abyss:2)
  2 spectral jumping spiders (Spider:4)
  4 spectral tarantellas (Spider:4)
  3 blink frogs (Lair:2)
  2 hydra skeletons (Swamp:4)
  2 spectral culicivoras (Spider:4)
  62 slime creatures
  A culicivora zombie (Spider:4)
  A fire giant simulacrum (Vaults:4)
  29 jumping spiders
  An ettin skeleton (Vaults:3)
  13 culicivoras
  A centaur simulacrum (D:14)
  3 air elementals
  22 water elementals
  3 wraiths
  8 wyverns
  A culicivora (shapeshifter) (Depths:3)
  3 vampires
  23 yaks
  8 basilisks
  14 fire elementals
  30 redbacks
  23 vampire mosquitoes
  A basilisk (shapeshifter) (Depths:2)
  2 neqoxecs
  2 redbacks (shapeshifter)
  3 steam dragons
  A chaos spawn (Abyss:2)
  A spatial vortex (Abyss:2)
  5 large abominations
  11 swamp worms
  An acid dragon (shapeshifter) (D:15)
  8 hell hounds
  4 hydra simulacra
  2 acid dragons
  6 water moccasins
  6 swamp drakes
  A floating eye (Depths:2)
  46 orc warriors
  8 black bears
  Pargi (Sewer)
  An ogre skeleton (Vaults:3)
  An ice beast (D:7)
  A sky beast (D:6)
  2 glowing shapeshifter skeletons
  A human zombie (Vaults:4)
  10 ogres
  10 boggarts
  9 wolves
  19 centaurs
  3 swamp dragon zombies (Swamp:4)
  4 phantoms
  3 swamp dragon skeletons (Swamp:4)
  2 kobold brigands
  16 bullfrogs
  Blork the orc (D:5)
  5 earth elementals
  A necrophage (D:8)
  5 scorpions
  A gnoll sergeant (D:6)
  A water moccasin zombie (D:6)
  3 wights (D:9)
  20 killer bees
  8 howler monkeys
  5 electric eels (D:12)
  5 lava snakes (Lair:5)
  2 centaur zombies (D:6)
  A jelly (D:8)
  2 hounds
  Crazy Yiuf (D:2)
  40 orc priests
  2 iguanas
  29 orc wizards
  2 killer bee zombies (D:6)
  10 small abominations
  A howler monkey skeleton (D:6)
  10 gnolls
  3 adders
  A shadow imp (D:8)
  2 white imps
  A worm (D:5)
  A dart slug (D:2)
  112 orcs
  3 endoplasms
  9 giant cockroaches
  4 hobgoblins
  9 jackals
  20 kobolds
  8 quokkas
  3 ball pythons
  3 bats
  2 frilled lizards (D:1)
  6 goblins
  5 rats
  4 rat zombies (D:12)
  A fire vortex (Volcano)
  A starspawn tentacle (Abyss:2)
2242 creatures vanquished.

Vanquished Creatures (collateral kills)
  A shard shrike (IceCv)
  A shadow dragon (Vaults:5)
  A tengu reaver (Vaults:5)
  A yaktaur captain (Vaults:5)
  A hydra (Swamp:4)
  An ironbound frostheart (IceCv)
  A vault sentinel (Vaults:5)
  A troll (Orc:2)
  An orc priest (D:12)
  An orc wizard (D:12)
  2 orcs
12 creatures vanquished.

Vanquished Creatures (others)
  An eldritch tentacle (Depths:4)
  A draconian knight (Zot:1)
  A deep elf zephyrmancer (Elf:1)
  A deep elf pyromancer (Elf:1)
  2 bloated husks
  A spectral tarantella (Spider:4)
  A slime creature (D:11)
  A jumping spider (Spider:3)
  A spriggan (Swamp:4)
  2 water elementals (Elf:1)
  6 vampire mosquitoes (Swamp:3)
  A spriggan simulacrum (Swamp:3)
  2 boggarts (Vaults:3)
  2 orcs (D:12)
  23 demonic plants (Gauntlet)
  A fire vortex (Volcano)
  2 foxfires (Swamp:3)
  54 fungi
  A lurking horror (Abyss:2)
  98 plants
  7 starspawn tentacles (Abyss:2)
209 creatures vanquished.

Grand Total: 2463 creatures vanquished

Notes
Turn   | Place    | Note
-------+----------+-------------------------------------------
     0 | D:1      | yakattack the Minotaur Fighter began the quest for the Orb.
     0 | D:1      | Reached XP level 1. HP: 19/19 MP: 0/0
   200 | D:1      | Found a faded altar of an unknown god.
   235 | D:1      | Reached XP level 2. HP: 26/26 MP: 1/1
  1085 | D:2      | Reached XP level 3. HP: 23/31 MP: 2/2
  1558 | D:2      | Found a runed translucent door.
  1559 | D:2      | Noticed Crazy Yiuf
  1755 | D:3      | Reached skill level 5 in Maces & Flails
  1945 | D:3      | Reached XP level 4. HP: 35/39 MP: 3/3
  2282 | D:3      | Reached XP level 5. HP: 38/45 MP: 4/4
  2444 | D:4      | Found a glowing drain.
  2462 | Sewer    | Entered a sewer
  2550 | Sewer    | Noticed Pargi
  2559 | Sewer    | Killed Pargi
  2560 | Sewer    | Reached XP level 6. HP: 51/51 MP: 5/5
  3628 | D:5      | Entered Level 5 of the Dungeon
  3899 | D:5      | Reached skill level 1 in Axes
  3933 | D:4      | Reached XP level 7. HP: 57/57 MP: 6/6
  3950 | D:5      | Found an ornate altar of the Wu Jian Council.
  4022 | D:5      | Noticed Blork the orc
  4253 | D:4      | Reached skill level 5 in Axes
  4296 | D:5      | Killed Blork the orc
  4297 | D:5      | Reached skill level 1 in Evocations
  4388 | D:5      | Reached XP level 8. HP: 58/64 MP: 7/7
  4780 | D:5      | Found a staircase to the Ecumenical Temple.
  4922 | D:5      | Found a glowing golden altar of the Shining One.
  5079 | Temple   | Entered the Ecumenical Temple
  5344 | Temple   | Became a worshipper of Trog the Wrathful
  5754 | D:6      | You are sucked into a shaft and drop 3 floors!
  5886 | D:9      | Reached skill level 4 in Fighting
  5978 | D:9      | Found a staircase to the Orcish Mines.
  6117 | D:7      | Found a broken altar of Ashenzari.
  6264 | D:7      | Reached skill level 5 in Fighting
  6264 | D:7      | Reached skill level 5 in Armour
  6264 | D:7      | Reached XP level 9. HP: 61/74 MP: 8/8
  6433 | D:7      | Reached skill level 5 in Evocations
  6445 | D:7      | Reached * piety under Trog
  6652 | D:7      | Reached skill level 6 in Fighting
  6963 | D:7      | Noticed Prince Ribbit
  6986 | D:7      | Killed Prince Ribbit
  7083 | D:7      | Found Fabapna's General Store.
  7099 | D:7      | Found a runed translucent gate.
  7099 | D:7      | Found a runed translucent gate.
  7099 | D:7      | Found a runed translucent gate.
  7360 | D:7      | Found a shimmering blue altar of Sif Muna.
  7395 | D:7      | Noticed poml's ghost (novice TrNe)
  7471 | D:6      | Found an opulent altar of Gozag.
  7518 | D:6      | Reached skill level 7 in Fighting
  7530 | D:6      | Found a glowing silver altar of Zin.
  7680 | D:6      | Found a shadowy altar of Dithmenos.
  8619 | D:8      | Found a snail-covered altar of Cheibriados.
  8786 | D:8      | Reached skill level 8 in Fighting
  8796 | D:8      | Reached ** piety under Trog
  8809 | D:8      | Reached XP level 10. HP: 84/88 MP: 9/9
  9076 | D:8      | Found an iron altar of Okawaru.
  9122 | D:8      | Reached skill level 9 in Fighting
  9184 | D:8      | Found a staircase to the Lair.
 10152 | D:9      | Found Erob's Magic Scroll Emporium.
 10160 | D:9      | Bought a scroll of vulnerability for 56 gold pieces
 10160 | D:9      | Bought a scroll of enchant weapon for 105 gold pieces
 10160 | D:9      | Bought a scroll of enchant armour for 105 gold pieces
 10160 | D:9      | Bought a scroll of butterflies for 56 gold pieces
 10160 | D:9      | Bought a scroll of identify for 28 gold pieces
 10160 | D:9      | Bought a scroll of identify for 28 gold pieces
 10160 | D:9      | Bought a scroll of identify for 28 gold pieces
 10654 | D:9      | Reached skill level 10 in Fighting
 10752 | D:9      | Reached *** piety under Trog
 11014 | D:2      | Killed Crazy Yiuf
 11015 | D:2      | Reached skill level 10 in Armour
 11213 | Lair:1   | Entered Level 1 of the Lair of Beasts
 11348 | Lair:1   | Noticed an elephant
 11372 | D:8      | Killed an elephant
 11417 | Lair:1   | Noticed an elephant
 11418 | Lair:1   | Noticed an elephant
 11418 | Lair:1   | Noticed an elephant
 11435 | D:8      | Killed an elephant
 11506 | Lair:1   | Noticed an elephant
 11525 | D:8      | Killed an elephant
 11526 | D:8      | Reached XP level 11. HP: 80/101 MP: 10/10
 11760 | Lair:1   | Reached skill level 11 in Fighting
 11760 | Lair:1   | Reached skill level 10 in Maces & Flails
 11896 | Lair:1   | Noticed Erica
 11913 | Lair:1   | Killed Erica
 12893 | Lair:2   | Noticed a bog body
 12910 | Lair:2   | Killed a bog body
 12911 | Lair:2   | Noticed a bog body
 12927 | Lair:2   | Killed a bog body
 12968 | Lair:2   | Reached skill level 10 in Axes
 13009 | Lair:2   | Found a staircase to the Swamp.
 13098 | Lair:2   | Found a dark tunnel.
 13117 | Volcano  | Entered a volcano
 13130 | Volcano  | Reached skill level 12 in Fighting
 13263 | Volcano  | Reached XP level 12. HP: 54/112 MP: 11/11
 14554 | Lair:2   | Reached skill level 13 in Fighting
 15058 | Lair:3   | Noticed Sonja
 15139 | Lair:3   | Killed Sonja
 15213 | Lair:3   | Reached skill level 14 in Fighting
 16047 | Lair:3   | Identified a scroll of acquirement
 16052 | Lair:3   | Acquired the +3 broad axe of Rubbish {drain, rElec rF+
                  | Str+2}
 16164 | Lair:3   | Reached skill level 15 in Fighting
 16372 | Lair:3   | Found a hole to the Spider Nest.
 17007 | Lair:4   | Reached XP level 13. HP: 86/127 MP: 12/12
 17659 | Lair:4   | Reached XP level 14. HP: 135/135 MP: 13/13
 17829 | Lair:5   | Entered Level 5 of the Lair of Beasts
 17968 | Lair:5   | Reached skill level 15 in Axes
 18332 | Lair:5   | Reached skill level 16 in Fighting
 18797 | Lair:5   | Found a staircase to the Slime Pits.
 19052 | Lair:5   | Found a large runed translucent door.
 19052 | Lair:5   | Found a large runed translucent door.
 19115 | Lair:5   | Reached **** piety under Trog
 20081 | D:10     | Entered Level 10 of the Dungeon
 20263 | D:10     | Found a blossoming altar of Fedhas.
 20308 | D:10     | Identified the +1 leather armour "Fiunkowk" {+Blink}
 20481 | D:10     | Noticed an angel
 20485 | D:10     | Found Foekkev's Hallowed Reliquary.
 20493 | D:10     | Bought a potion of heal wounds for 65 gold pieces
 20594 | D:10     | Found an opulent altar of Gozag.
 20744 | D:10     | Found an iron altar of Okawaru.
 20939 | D:11     | Reached skill level 17 in Fighting
 21574 | Orc:1    | Entered Level 1 of the Orcish Mines
 21578 | Orc:1    | Noticed Snorg
 21605 | D:9      | Killed Snorg
 21983 | Orc:1    | Noticed an orc warlord
 22001 | Orc:1    | Killed an orc warlord
 22135 | Orc:2    | Entered Level 2 of the Orcish Mines
 22157 | Orc:2    | Reached ***** piety under Trog
 22238 | Orc:2    | Noticed Rupert
 22253 | Orc:2    | Killed Rupert
 22312 | Orc:2    | Noticed Azrael
 22325 | Orc:2    | Killed Azrael
 22424 | Orc:2    | Found a staircase to the Elven Halls.
 22426 | Orc:2    | Found a gate leading to a gauntlet.
 22439 | Orc:2    | Reached XP level 15. HP: 141/149 MP: 14/14
 22450 | Gauntlet | Entered a Gauntlet
 22450 | Gauntlet | Found a transporter.
 22460 | Gauntlet | Found a transporter.
 22462 | Gauntlet | Found a transporter.
 22485 | Gauntlet | Found a transporter.
 22487 | Gauntlet | Found a transporter.
 22496 | Gauntlet | Found a transporter.
 22511 | Gauntlet | Found a transporter.
 22516 | Gauntlet | Found a transporter.
 22537 | Gauntlet | Found a transporter.
 22550 | Gauntlet | Found a transporter.
 22562 | Gauntlet | Found a transporter.
 22582 | Gauntlet | Found a large runed translucent door.
 22583 | Gauntlet | Found a large runed translucent door.
 22584 | Gauntlet | Found a large runed translucent door.
 22584 | Gauntlet | Found a large runed translucent door.
 22585 | Gauntlet | Found a runed translucent gate.
 22586 | Gauntlet | Found a transporter.
 22586 | Gauntlet | Found a runed translucent gate.
 22587 | Gauntlet | Found a runed translucent gate.
 22588 | Gauntlet | Found a large runed translucent door.
 22588 | Gauntlet | Found a large runed translucent door.
 22588 | Gauntlet | Found a runed translucent door.
 22588 | Gauntlet | Found a runed translucent door.
 22589 | Gauntlet | Found a large runed translucent door.
 22590 | Gauntlet | Found a large runed translucent door.
 22592 | Gauntlet | Found a transporter.
 22597 | Gauntlet | Found a large runed translucent door.
 22597 | Gauntlet | Found a large runed translucent door.
 22598 | Gauntlet | Found a large runed translucent door.
 22599 | Gauntlet | Found a large runed translucent door.
 22608 | Gauntlet | Found a large runed translucent door.
 22608 | Gauntlet | Found a large runed translucent door.
 22609 | Gauntlet | Found a large runed translucent door.
 22610 | Gauntlet | Found a large runed translucent door.
 22614 | Gauntlet | Found a transporter.
 22622 | Gauntlet | Found a transporter.
 22631 | Gauntlet | Found a transporter.
 22636 | Gauntlet | Found a transporter.
 22679 | Gauntlet | Found a transporter.
 22842 | Gauntlet | Identified the ring "Routzeu" {Dex+2 SInv}
 22881 | Gauntlet | Reached skill level 18 in Fighting
 22895 | Gauntlet | Identified the +1 cloak "Elubi" {rF- rC+ Str+2 Int+3}
 22948 | Gauntlet | Identified the amulet "Ecudan" {Acrobat rF+ rN+}
 23519 | Orc:2    | Noticed Saint Roka
 23566 | Orc:2    | Killed Saint Roka
 23717 | Orc:2    | Found Zuxor's Antique Armour Shop.
 23721 | Orc:2    | Found Caari's Antique Weapon Boutique.
 23828 | Orc:2    | Found Biss's Antique Weapon Boutique.
 23879 | Orc:2    | Found Bixat's Magic Scroll Boutique.
 24517 | D:12     | Received a gift from Trog
 24769 | D:12     | Found an ancient bone altar of Kikubaaqudgha.
 25375 | D:13     | Reached skill level 19 in Fighting
 25732 | D:13     | Reached skill level 10 in Evocations
 26250 | D:13     | Found a gate to the Vaults.
 27369 | D:14     | Reached skill level 20 in Fighting
 27823 | D:15     | Entered Level 15 of the Dungeon
 27840 | D:15     | Reached XP level 16. HP: 165/165 MP: 15/15
 27946 | D:15     | Noticed Louise
 27966 | D:15     | Killed Louise
 28056 | D:15     | Reached skill level 21 in Fighting
 28154 | D:15     | Received a gift from Trog
 28243 | D:15     | Found a staircase to the Depths.
 28690 | D:15     | Found an opulent altar of Gozag.
 29601 | Spider:1 | Entered Level 1 of the Spider Nest
 30014 | Spider:1 | Noticed Frances
 30026 | Spider:1 | Killed Frances
 30027 | Spider:1 | Reached skill level 22 in Fighting
 30981 | Spider:2 | Received a gift from Trog
 31029 | Spider:2 | Noticed Toastz's ghost (adept DsIE)
 31033 | Spider:2 | Found a runed translucent door.
 31106 | Spider:2 | Found a frozen archway.
 31228 | IceCv    | Entered an ice cave
 31342 | IceCv    | Reached skill level 1 in Dodging
 31665 | IceCv    | Reached skill level 5 in Shields
 32060 | IceCv    | Noticed a shard shrike
 32067 | IceCv    | Killed a shard shrike
 32138 | IceCv    | Reached skill level 5 in Dodging
 32142 | IceCv    | Received a gift from Trog
 32920 | Spider:2 | Reached XP level 17. HP: 163/178 MP: 1/16
 33319 | Spider:2 | Killed Toastz's ghost
 33408 | Spider:3 | Noticed Arachne
 33433 | Spider:3 | Killed Arachne
 34028 | Spider:3 | Noticed Asterion
 34053 | Spider:3 | Killed Asterion
 34639 | Spider:4 | Entered Level 4 of the Spider Nest
 34871 | Spider:3 | Received a gift from Trog
 36025 | Spider:4 | Reached skill level 15 in Armour
 36334 | Spider:4 | Reached skill level 10 in Shields
 36682 | Spider:4 | Got a gossamer rune of Zot
 36687 | Spider:4 | Reached XP level 18. HP: 159/187 MP: 17/17
 37230 | Swamp:1  | Entered Level 1 of the Swamp
 37271 | Swamp:1  | Found a hazy altar of Hepliaklqana.
 37646 | Swamp:1  | Reached XP level 19. HP: 193/193 MP: 18/18
 38647 | Swamp:2  | Reached skill level 1 in Throwing
 39638 | Swamp:3  | Reached skill level 15 in Shields
 40014 | Swamp:3  | Found a transporter.
 40015 | Swamp:3  | Noticed Omepubb's ghost (adept BaFi)
 40046 | Swamp:3  | Found a transporter.
 40338 | Swamp:3  | Identified the +2 robe of Inviolability {Contam rC+ Regen+
                  | Dex+3}
 40474 | Swamp:3  | Killed Omepubb's ghost
 40475 | Swamp:3  | Reached skill level 5 in Throwing
 40713 | D:7      | Killed poml's ghost
 40903 | Swamp:4  | Entered Level 4 of the Swamp
 41808 | Swamp:4  | Received a gift from Trog
 42075 | Abyss:2  | Cast into level 2 of the Abyss (vampire knight)
 42418 | Swamp:4  | Escaped the Abyss
 42972 | Swamp:4  | Found a basalt altar of Yredelemnul.
 42982 | Swamp:4  | Found a blossoming altar of Fedhas.
 43007 | Swamp:4  | Got a decaying rune of Zot
 43708 | Vaults:1 | Entered Level 1 of the Vaults
 43984 | Vaults:1 | Reached skill level 23 in Fighting
 44004 | Vaults:1 | Reached XP level 20. HP: 160/203 MP: 19/19
 44602 | Vaults:1 | Identified the +2 war axe of Asoramp Uthra {antimagic,
                  | rElec rF- Str+2 Dex+4} (Trog gifted it to you on level 1 of
                  | the Vaults)
 44602 | Vaults:1 | Received a gift from Trog
 44917 | Vaults:1 | Identified the +2 robe of Ycvani Lococs {rC+ SInv}
 44923 | Vaults:1 | Found a radiant altar of Vehumet.
 44944 | Vaults:1 | Identified the +0 hat of Lugonu's Outrage {rPois}
 45286 | Vaults:1 | Found Oreijaj's Armour Emporium.
 46057 | Vaults:2 | Found Molysaoc's Weapon Shop.
 47035 | Vaults:2 | Identified the +5 rapier of Lust {venom, rF+ Will+ Str+2
                  | Int+4}
 47729 | Vaults:3 | Reached skill level 10 in Throwing
 47786 | Vaults:3 | Reached ****** piety under Trog
 48053 | Vaults:3 | Reached skill level 10 in Dodging
 48357 | Vaults:3 | Received a gift from Trog
 48416 | Vaults:3 | Reached XP level 21. HP: 168/213 MP: 20/20
 49494 | Vaults:3 | Identified the +6 battleaxe "Laiherr" {vorpal, rF- Will+++
                  | Str+2 Int+2}
 49849 | Vaults:3 | Received a gift from Trog
 49912 | Vaults:3 | Found a staircase to the Crypt.
 49984 | Vaults:3 | Reached skill level 24 in Fighting
 50555 | Vaults:4 | Found a gateway to a bazaar.
 50614 | Bazaar   | Entered a bazaar
 50614 | Bazaar   | Found Namewk's General Store.
 50614 | Bazaar   | Found Foefu's Jewellery Boutique.
 50616 | Bazaar   | Found Ucafee's Assorted Antiques.
 50620 | Bazaar   | Found Coigosm's Assorted Antiques.
 50635 | Bazaar   | Found Goxziler's Book Boutique.
 50648 | Bazaar   | Found Affiraje's Armour Shoppe.
 50726 | Bazaar   | Bought a scroll of enchant weapon for 187 gold pieces
 50726 | Bazaar   | Bought a potion of haste for 250 gold pieces
 50726 | Bazaar   | Bought a wand of paralysis (5) for 300 gold pieces
 50733 | Bazaar   | Bought a scroll of immolation for 84 gold pieces
 50733 | Bazaar   | Bought a wand of paralysis (4) for 201 gold pieces
 50733 | Bazaar   | Bought a potion of might for 84 gold pieces
 50737 | Bazaar   | Bought a scroll of silence for 133 gold pieces
 50741 | Bazaar   | Bought the amulet "Hoaxixew" {Acrobat -Tele Dex+6} for 639
                  | gold pieces
 50918 | Vaults:4 | Received a gift from Trog
 51588 | Depths:1 | Entered Level 1 of the Depths
 52336 | Depths:1 | Found a hazy altar of Hepliaklqana.
 52625 | Depths:1 | Found a gateway to Hell.
 53391 | Depths:2 | Noticed Aizul
 53407 | Depths:2 | Received a gift from Trog
 53436 | Depths:2 | Killed Aizul
 54033 | Depths:2 | Identified the +6 double sword of Gallantry {protect, rPois
                  | Dex+2 Stlth-}
 54570 | Depths:2 | Reached XP level 22. HP: 204/218 MP: 21/21
 54671 | Depths:2 | Found the +3 salamander hide armour {Flames rF++ rC--}
 54689 | Depths:2 | Found a one-way gateway to a ziggurat.
 54689 | Depths:2 | Found a one-way gate leading to the halls of Pandemonium.
 54691 | Depths:2 | Found the +18 shield of the Gong {rElec rN+ Will+ EV-5}
 54715 | Depths:2 | Noticed a juggernaut
 54719 | Depths:2 | Identified the +1 flail of Jiung {vamp, +Blink}
 54846 | Depths:2 | Killed a juggernaut
 55280 | Depths:2 | Noticed a caustic shrike
 55287 | Depths:2 | Killed a caustic shrike
 55727 | Depths:2 | Noticed Mara
 55744 | Depths:2 | Killed Mara
 57817 | Depths:3 | Identified the +4 flail "Geprav" {flame, Str+3 SInv} (Trog
                  | gifted it to you on level 3 of the Depths)
 57817 | Depths:3 | Received a gift from Trog
 58846 | Depths:3 | Noticed a juggernaut
 58858 | Depths:3 | Killed a juggernaut
 58858 | Depths:3 | Identified the +7 rapier "Pubbok" {elec, rCorr Int+4 Dex+6}
 58961 | Depths:3 | Noticed a golden dragon
 58964 | Depths:3 | Killed a golden dragon
 59358 | Depths:3 | Reached skill level 25 in Fighting
 59494 | Depths:3 | Received a gift from Trog
 59939 | Depths:3 | Found a one-way gate to the infinite horrors of the Abyss.
 60015 | Depths:3 | You fall into a shaft and drop 1 floor!
 60015 | Depths:4 | Entered Level 4 of the Depths
 60015 | Depths:4 | Noticed a caustic shrike
 60015 | Depths:4 | Noticed a caustic shrike
 60015 | Depths:4 | Noticed a caustic shrike
 60015 | Depths:4 | Noticed a caustic shrike
 60030 | Depths:4 | Killed a caustic shrike
 60031 | Depths:4 | Killed a caustic shrike
 60033 | Depths:4 | Killed a caustic shrike
 60038 | Depths:4 | Killed a caustic shrike
 60261 | Depths:4 | Reached XP level 23. HP: 234/234 MP: 22/22
 60529 | Depths:4 | Found a sacrificial altar of Ru.
 60534 | Depths:4 | Found a flickering gateway to a bazaar.
 60622 | Depths:4 | Received a gift from Trog
 60765 | Depths:4 | Found a gate to the Realm of Zot.
 62967 | Vaults:4 | Reached XP level 24. HP: 243/243 MP: 22/22
 62969 | Vaults:5 | Entered Level 5 of the Vaults
 62982 | Vaults:5 | Noticed a dread lich
 62984 | Vaults:5 | Noticed a dread lich
 63000 | Vaults:5 | Killed a dread lich
 63006 | Vaults:5 | Killed a dread lich
 63044 | Vaults:5 | Received a gift from Trog
 63314 | Vaults:5 | Identified the +8 mace "Detoside" {flame, rF- rN+++ Dex+6}
 63351 | Vaults:5 | Identified the +6 flail of the Unseen Realm {speed, rPois
                  | Will++ Str-4}
 63352 | Vaults:5 | Identified the +3 great sword of Havoc {vorpal, Will+ Int+3
                  | Dex+4}
 63371 | Vaults:5 | Reached skill level 15 in Evocations
 63425 | Vaults:5 | Noticed an ancient lich
 63440 | Vaults:5 | Killed an ancient lich
 63492 | Vaults:5 | Identified the +4 hand axe of Precise Incision {holy,
                  | *Corrode rPois rF+ rN+ Stlth+}
 63493 | Vaults:5 | Identified the +10 shortbow of the Lamprey {elec, rPois}
 63520 | Vaults:5 | Reached skill level 26 in Fighting
 63692 | Vaults:5 | Reached skill level 15 in Dodging
 63758 | Vaults:5 | Identified the +7 arbalest "Hagooduh" {vorpal, rElec rF+}
 63758 | Vaults:5 | Found the ring of the Octopus King {rN+ HP+2 AC+2 EV+2
                  | SH+2}
 63953 | Vaults:5 | Reached XP level 25. HP: 189/253 MP: 22/22
 64122 | Vaults:5 | Acquired a manual of Armour
 64447 | Vaults:5 | Got a silver rune of Zot
 64520 | Vaults:5 | Noticed a dread lich
 64540 | Vaults:5 | Killed a dread lich
 64541 | Vaults:5 | Reached skill level 15 in Throwing
 65687 | Elf:1    | Entered Level 1 of the Elven Halls
 65689 | Elf:1    | Identified the +0 leather armour of the Lumpy Priests
                  | {rPois}
 65727 | Elf:1    | Noticed Donald
 65744 | Elf:1    | Received a gift from Trog
 65745 | Elf:1    | Killed Donald
 65815 | Elf:1    | Paralysed by an air elemental for 1 turns
 65862 | Elf:1    | Found a transporter.
 65865 | Elf:1    | Found a transporter.
 65865 | Elf:1    | Noticed Wisesoff's ghost (adept GrBe)
 65909 | Elf:1    | Killed Wisesoff's ghost
 65914 | Elf:1    | Identified the +1 pair of gloves "Ufruqu" {rC- Regen+
                  | Dex+4}
 66246 | Elf:1    | Paralysed by an air elemental for 1 turns
 66854 | Elf:2    | Received a gift from Trog
 66854 | Elf:2    | Paralysed by an air elemental for 1 turns
 67220 | Elf:2    | Found a runed translucent gate.
 67221 | Elf:2    | Found a runed translucent gate.
 67221 | Elf:2    | Found a runed translucent gate.
 67702 | Elf:2    | Received a gift from Trog
 68019 | Elf:3    | Entered Level 3 of the Elven Halls
 68272 | Elf:3    | Found a shimmering blue altar of Sif Muna.
 68273 | Elf:3    | Found a transporter.
 68314 | Elf:3    | Noticed cowcow's ghost (adept NaIE)
 68339 | Elf:3    | Found a transporter.
 68900 | Elf:3    | Identified the +5 mace "Ynloceh" {vorpal, *Noise Str+3
                  | Stlth+}
 68923 | Elf:3    | Identified the +7 dagger "Cepah" {vorpal, Int+4 Dex+6}
 69102 | Elf:3    | Identified the +6 demon trident "Meenunyki" {flame, Str+3}
 69102 | Elf:3    | Identified the ring "Poxi" {rPois rF+ Will- Dex+5}
 69170 | Elf:3    | Identified the +8 longbow of Descent {freeze, *Slow rF+++
                  | Int+2 Stlth+}
 69308 | Elf:3    | Received a gift from Trog
 69659 | Elf:3    | Identified the +4 hat "Serad" {Harm rC- Str-4 Stlth+}
 69673 | Elf:3    | Identified the +6 shortbow of Ibatz {drain, rElec Will+
                  | Int+4 Stlth+}
 70602 | Zot:1    | Entered Level 1 of the Realm of Zot
 70602 | Zot:1    | Noticed a Killer Klown
 70602 | Zot:1    | Noticed a Killer Klown
 70602 | Zot:1    | Noticed a Killer Klown
 70612 | Depths:4 | Killed a Killer Klown
 70619 | Depths:4 | Killed a Killer Klown
 70829 | Zot:1    | Reached skill level 27 in Fighting
 70837 | Zot:1    | Noticed an orb of fire
 70843 | Zot:1    | Reached XP level 26. HP: 266/266 MP: 22/22
 70845 | Zot:1    | Killed an orb of fire
 73612 | Zot:1    | You fall into a shaft and drop 1 floor!
 74005 | Zot:2    | Received a gift from Trog
 74272 | Zot:2    | Noticed an ancient lich
 74281 | Zot:2    | Killed an ancient lich
 74494 | Zot:2    | Found a stormy altar of Qazlal.
 75025 | Zot:1    | Noticed an orb of fire
 75030 | Zot:1    | Gained mutation: You are partially covered in iridescent
                  | scales. (AC +2) [an orb of fire]
 75032 | Zot:1    | Gained mutation: You are vulnerable to heat. (rF-) [an orb
                  | of fire]
 75047 | Zot:1    | Killed an orb of fire
 75979 | Zot:4    | Found a runed translucent gate.
 75979 | Zot:4    | Found a runed translucent gate.
 75980 | Zot:4    | Found an opulent altar of Gozag.
 75980 | Zot:4    | Found a runed translucent gate.
 76010 | Zot:4    | Noticed Plog's ghost (master TrFi)
 76013 | Zot:4    | Found Kutatidedgh's Assorted Antiques.
 76210 | Zot:4    | Received a gift from Trog
 76479 | Zot:4    | Identified the +7 war axe of Waojiv Unipt {flame, Will+}
 76517 | Zot:4    | Identified the +3 dagger of the Solemn God {spect, rF+}
 76688 | Zot:4    | Killed Plog's ghost
 76689 | Zot:4    | Reached XP level 27. HP: 273/273 MP: 22/22
 76720 | Zot:4    | Bought a potion of attraction for 144 gold pieces
 76720 | Zot:4    | Bought a potion of might for 192 gold pieces
 76720 | Zot:4    | Bought a scroll of teleportation for 144 gold pieces
 77240 | Zot:5    | Entered Level 5 of the Realm of Zot
 77802 | Zot:5    | Noticed an orb of fire
 77823 | Zot:5    | Killed an orb of fire
 78231 | Zot:5    | Noticed an ancient lich
 78258 | Zot:5    | Killed an ancient lich
 78317 | Zot:5    | Noticed an ancient lich
 78322 | Zot:5    | Killed an ancient lich
 78337 | Zot:5    | Noticed an orb of fire
 78347 | Zot:5    | Killed an orb of fire
 78515 | Zot:5    | Noticed an ancient lich
 78534 | Zot:5    | Killed an ancient lich
 78591 | Zot:5    | Received a gift from Trog
 78763 | Zot:5    | Lost mutation: You are vulnerable to heat. (rF-) [potion of
                  | mutation]
 78763 | Zot:5    | Lost mutation: You are partially covered in iridescent
                  | scales. (AC +2) [potion of mutation]
 78763 | Zot:5    | Gained mutation: Your muscles are strong. (Str +4, Int/Dex
                  | -1) [potion of mutation]
 78763 | Zot:5    | Gained mutation: You have a pair of large horns on your
                  | head. [potion of mutation]
 78861 | Zot:5    | Got the Orb of Zot
 78885 | Zot:5    | Noticed Ygata the pandemonium lord
 78905 | Zot:5    | Killed Ygata the pandemonium lord
 79094 | Depths:4 | Noticed an ancient lich
 79097 | Depths:4 | Noticed Rigrafoe the pandemonium lord
 79114 | Depths:4 | Killed Rigrafoe the pandemonium lord
 79114 | Depths:4 | Killed an ancient lich
 79518 | D:3      | Noticed Kosoynu the pandemonium lord
 79580 | D:$      | Escaped with the Orb!

Illustrated notes

Levels and vault maps discovered:
D:1:      onia_arrival_mini_maze, layout_loops_corners,
          dreamdust_ecumenical_altar_statues,
          hangedman_abyss_or_decor_lesser_grid, kennysheep_doodads
D:2:      layout_rooms, minmay_fountain_box, uniq_crazy_yiuf_cottage
D:3:      layout_rooms
D:4:      layout_cave_pods, gup_sewer_entry_pipe
D:5:      layout_basic, nicolae_tso_swordbearing_angel,
          nicolae_wu_jian_wuxing_cycle, minmay_temple_entry_sparse_star,
          minmay_misc_feat_more_columns, uniq_blork_the_orc
D:6:      layout_basic, amcnicky_altar_gilded,
          chequers_temple_overflow_statue_of_worship, serial_undead,
          serial_undead_a, serial_undead_d, serial_undead_d, serial_undead_b,
          nrook_uturn, ebering_dispersal_statue_hall
D:7:      layout_loops_ring, lemuel_blue_sif_altar,
          mainiacjoe_overflow_chevrons, biasface_ghost_orc_armoury,
          serial_shops, nicolae_take_the_stairs, uniq_prince_ribbit1
D:8:      layout_basic, mainiacjoe_overflow_alcove_2,
          kennysheep_okawaru_gauntlet, due_lair_maze_entry_diamond
D:9:      layout_cave_pods, david_orc_5, serial_shops, shop
D:10:     layout_cave_pools, mainiacjoe_overflow_six_doors_small,
          hangedman_feature_mirror, nicolae_good_shop
D:11:     layout_roguey, minivault_12
D:12:     layout_roguey, serial_bayou, serial_bayou_pond_a, serial_bayou_lake_a,
          serial_bayou_pond_e, serial_bayou_shore_a,
          lemuel_zombie_altar_kikubaaqudgha
D:13:     layout_basic, hangedman_vaults_entry_quadrant_bands,
          minmay_strange_pillars
D:14:     layout_gridville
D:15:     hangedman_depths_entry_civil_slaughter, layout_grid_maze, special_room
          [special_room_bee], grunt_gozag_breadcrumbs, uniq_louise
Temple:   nicolae_temple_slightly_damp_pantheon
Lair:1:   layout_gridlike, chequers_serial_rivers_room_b, uniq_erica
Lair:2:   minmay_lair_oklob_chamber, layout_small_grid,
          skrybe_swamp_entry_bodies, nicolae_volcano_entry_two_sided,
          cheibrodos_lair_lostbears
Lair:3:   layout_roguey, nicolae_spider_entry_tight_spaces,
          beast_lair_carwin_11, grunt_megastairs_4, uniq_sonja
Lair:4:   layout_roguey, pond, infiniplex_staircase_pool_2, grunt_megastairs_2,
          serial_bayou_shore_b, serial_bayou_shore_b
Lair:5:   cheibrodos_lair_end_hotspot, layout_concentric_octagons,
          slime_entry_1, nicolae_lair_lil_pond
Swamp:1:  layout_basic_swamp, nicolae_swamp_godswood
Swamp:2:  layout_falls_marsh, evilmike_swamp_ruin_house_4,
          infiniplex_staircase_pool
Swamp:3:  layout_basic_swamp, gammafunk_ghost_mausoleum,
          evilmike_swamp_ruin_house_2, swamp_pool2,
          nicolae_swamp_round_clearing, hangedman_swamp_cone
Swamp:4:  byrel_swamp_growth_death_and_undeath, layout_basic_swamp
Spider:1: layout_spider_delve, nicolae_spider_shape, uniq_frances
Spider:2: layout_spider_delve, portal_ice_cave_entry_ice_statue_one,
          hellmonk_ghost_happy_afterlife
Spider:3: layout_spider_delve, uniq_arachne, uniq_asterion
Spider:4: floodkiller_spider_rune_tomb
Orc:1:    layout_caves, uniq_snorg
Orc:2:    grunt_orc_community_town_hall, layout_caves,
          grunt_orc_community_big_house_2, grunt_orc_community_big_house_2,
          grunt_orc_community_house_1, grunt_orc_community_house_1,
          grunt_orc_community_house_2, grunt_orc_community_house_2, basic_altar,
          gauntlet_entry_generic, uniq_azrael, uniq_rupert
Elf:1:    layout_gridlike, gammafunk_ghost_arena, minivault_28, uniq_donald
Elf:2:    nicolae_elf_blades_crystal_corner, layout_gridlike,
          minmay_misc_feat_columns, hex_large
Elf:3:    elf_hall_gauntlet_narrow, layout_geoelf_diagonals,
          gammafunk_ghost_abyssal_escape, basic_altar, lemuel_flamethrower_hall
Vaults:1: v_pattern_3, grunt_tower_of_power, vaults_mumra_chevron_long,
          vaults_mumra_hexcomb, hangedman_vaults_trim, nicolae_vaults_gold_heap,
          hangedman_vaults_stretched_pinwheel, hangedman_vaults_corner,
          vaults_room_fours, nicolae_vaults_ring_of_whatevers,
          hangedman_vaults_nodes, layout_vaults_omnibox, serial_shops,
          nicolae_shop_trees
Vaults:2: hangedman_vaults_stretched_pinwheel, hangedman_vaults_cutoff,
          st_quartered_hall, nicolae_vaults_shelves_hall, v_misc_32,
          layout_vaults_omnigrid, serial_shops, nicolae_shop_trees
Vaults:3: vaults_dpeg_ring, st_smaller_cells, vaults_room_door_hall,
          nicolae_vaults_arrows, v_misc_12, vaults_dpeg_cross,
          nicolae_vaults_big_angled_halls, ontoclasm_vaults_ring_small,
          v_rooms_6, minmay_crypt_entry_skeletal_spiral,
          nicolae_vaults_network_star, hangedman_vaults_maws,
          vaults_room_hallway, v_misc_19, grunt_vaults_hallway_short,
          layout_vaults_maze_bifur
Vaults:4: vaults_room_pool, ontoclasm_vaults_idyll,
          nicolae_vaults_border_crossing, v_alt_pattern_1,
          nicolae_vaults_circle_grid_b, vaults_dpeg_encased_lava,
          nicolae_vaults_theta, vaults_room_grid, v_pattern_2, v_alt_pattern_6,
          nicolae_vaults_theta, vaults_mumra_minichess, st_cross,
          vaults_room_grid, layout_vaults_big_room, serial_shops, statue_bzr
Vaults:5
Depths:1: layout_honeycomb, lightli_too_deep, nicolae_hepliaklqana_hazy_memory
Depths:2: box_level_dp, pan_entry, hell_entry, uniq_mara, uniq_aizul
Depths:3: evilmike_lava_path, layout_cave_shapes, kennysheep_pointless_box,
          pan_entry, hangedman_abyss_entry_splay, hell_entry,
          minmay_hollow_rounded_squares, minmay_staircase_bubble
Depths:4: grunt_zot_entry_alcove, layout_gridlike, hangedman_geh_valley,
          serial_shops, bzr_entry_water, abyss_entry_crystal,
          nicolae_ru_the_path_less_chosen, grunt_megastairs_3
Zot:1:    ebering_greatest_show_in_zot, layout_gridville
Zot:2:    regret_index_qazlal_generations, layout_basic
Zot:3:    gammafunk_its_a_trap, layout_cathedral_of_symmetry, bh_zot_ikea_curve,
          nicolae_zot_crop_circle
Zot:4:    layout_cathedral_of_symmetry, ebering_ghost_gozag,
          hangedman_swamp_dais
Zot:5:    layout_cellular_growth

Skill      XL: |  1  2  3  4  5  6  7  8  9 10 11 12 13 14 15 16 17 18 19 20 21 22 23 24 25 26 27 |
---------------+----------------------------------------------------------------------------------+-----
Maces & Flails | 3 4 5 6 7 8 9 11 12 | 12.1
Axes           | 3 6 7 8 10 12 14 16 | 16.4
Evocations     | 2 4 6 7 11 12 13 14 15 16 17 18 | 18.9
Fighting       | 5 8 10 12 15 17 20 22 23 24 25 26 27 | 27.0
Armour         | 5 8 10 12 13 15 16 17 18 19 20 22 24 26 | 26.0
Dodging        | 5 8 10 11 13 14 15 16 18 20 | 20.0
Shields        | 5 12 13 17 18 19 | 19.3
Throwing       | 8 10 11 13 14 16 17 19 | 19.0

Action                   |  1- 3 |  4- 6 |  7- 9 | 10-12 | 13-15 | 16-18 | 19-21 | 22-24 | 25-27 || total
-------------------------+-------+-------+-------+-------+-------+-------+-------+-------+-------++-------
Melee: Flail             |    95 |   100 |       |       |       |       |       |       |       ||   195
       Headbutt          |    14 |    21 |    77 |   200 |   243 |   247 |   589 |   326 |   590 ||  2307
       Hand axe          |       |    18 |   382 |   513 |   376 |       |       |       |       ||  1289
       Whip              |       |       |       |   167 |    10 |       |       |       |       ||   177
       Morningstar       |       |       |       |    75 |       |       |       |       |       ||    75
       Trident           |       |       |       |     2 |       |    12 |       |       |       ||    14
       Broad axe         |       |       |       |    17 |   608 |   935 |  1911 |  1020 |  1826 ||  6317
       Unarmed           |       |       |       |       |       |       |     1 |       |       ||     1
       Demon whip        |       |       |       |       |       |       |       |    20 |    20 ||    40
Throw: Dart              |     1 |       |       |       |       |       |       |       |       ||     1
       Stone             |       |       |     4 |    28 |     2 |       |       |       |       ||    34
       Boomerang         |       |       |       |       |       |    10 |    10 |     5 |    67 ||    92
       Javelin           |       |       |       |       |       |       |     4 |       |       ||     4
Invok: Berserk           |       |       |     1 |    13 |    14 |     9 |    17 |     7 |    13 ||    74
       Trog's Hand       |       |       |       |    12 |    11 |     9 |    28 |    20 |    24 ||   104
       Brothers in Arms  |       |       |       |       |     2 |     1 |     3 |     3 |       ||     9
Evoke: Wand              |       |       |    13 |     7 |     5 |     1 |     4 |     5 |    20 ||    55
       Phantom mirror    |       |       |       |       |     2 |       |       |       |       ||     2
       Condenser vane    |       |       |       |       |       |       |     1 |     2 |     2 ||     5
       Phial of floods   |       |       |       |       |       |       |       |     1 |       ||     1
       Tin of tremorston |       |       |       |       |       |       |       |       |     2 ||     2
  Use: Scroll            |     2 |     3 |       |    14 |     8 |     1 |     8 |     2 |    17 ||    55
       Potion            |     1 |       |     3 |     6 |     1 |     1 |     5 |    10 |    11 ||    38
 Stab: Paralysed         |       |       |    20 |    12 |     4 |       |     7 |       |     1 ||    44
       Distracted        |       |       |       |       |       |       |       |     1 |       ||     1
Armor: Scale mail        |    29 |       |       |       |       |       |       |       |       ||    29
       Ring mail         |     5 |    17 |       |    14 |       |       |       |       |       ||    36
       Plate armour      |       |    44 |   172 |   337 |   357 |    67 |   728 |   272 |   226 ||  2203
       Chain mail        |       |       |       |       |       |   382 |    70 |       |       ||   452
       Crystal plate arm |       |       |       |       |       |       |       |       |   367 ||   367
Dodge: Dodged            |    40 |    34 |    83 |   303 |   434 |   563 |   656 |   195 |   472 ||  2780
Block: Buckler           |    15 |    23 |    80 |   189 |   266 |   220 |       |       |       ||   793
       Tower shield      |       |       |       |       |       |   109 |  1636 |    38 |       ||  1783
       Kite shield       |       |       |       |       |       |       |       |  1016 |  2119 ||  3135

Table legend: (Time is in decaauts)
 A = Elapsed time spent in this place.
 B = Non-inter-level travel time spent in this place.
 C = Inter-level travel time spent in this place.
 D = Time resting spent in this place.
 E = Time spent auto-exploring this place.
 F = Levels seen in this place.
 G = Mean time per level.
                   A        B        C        D        E       F      G
               +--------+--------+--------+--------+--------+-----+--------+
         Total |  78762 |  66847 |  11915 |      0 |  41459 |  54 | 1458.6 |
       Dungeon |  20853 |  16329 |   4524 |      0 |  11608 |  15 | 1390.2 |
        Temple |    281 |    221 |     60 |      0 |    208 |   1 |  281.0 |
          Lair |   8597 |   7084 |   1513 |      0 |   4796 |   5 | 1719.4 |
         Swamp |   5424 |   4698 |    726 |      0 |   2263 |   4 | 1356.0 |
   Spider Nest |   6309 |   5445 |    864 |      0 |   3198 |   4 | 1577.2 |
  Orcish Mines |   2141 |   1825 |    316 |      0 |   1000 |   2 | 1070.5 |
   Elven Halls |   4871 |   4153 |    718 |      0 |   2676 |   3 | 1623.7 |
        Vaults |  10424 |   8932 |   1492 |      0 |   5899 |   5 | 2084.8 |
        Depths |  10439 |   9039 |   1400 |      0 |   5589 |   4 | 2609.8 |
           Zot |   5864 |   5567 |    297 |      0 |   2863 |   5 | 1172.8 |
         Abyss |    338 |    338 |      0 |      0 |      0 |   1 |  338.0 |
        Bazaar |    148 |    148 |      0 |      0 |     57 |   1 |  148.0 |
         Sewer |    168 |    168 |      0 |      0 |    103 |   1 |  168.0 |
      Ice Cave |   1386 |   1386 |      0 |      0 |    856 |   1 | 1386.0 |
       Volcano |    865 |    865 |      0 |      0 |     42 |   1 |  865.0 |
      Gauntlet |    648 |    648 |      0 |      0 |    298 |   1 |  648.0 |
               +--------+--------+--------+--------+--------+-----+--------+

Top non-repeatable levels by time:
Depths:2: 4234 daAuts
Vaults:3: 2715 daAuts
Depths:4: 2547 daAuts
Spider:4: 2400 daAuts
   Elf:3: 2339 daAuts
Vaults:5: 2331 daAuts
     D:8: 2207 daAuts
Vaults:1: 2162 daAuts
Depths:3: 2044 daAuts
     D:9: 1988 daAuts
Vaults:2: 1970 daAuts
  Lair:1: 1937 daAuts
  Lair:5: 1894 daAuts
    D:15: 1878 daAuts
  Lair:2: 1758 daAuts
